 Dungeon Crawl Stone Soup version 0.30-a0-373-gd37427bb62 (webtiles) character file.

Game seed: 9179525984983259192

84 purpskrrrp the Shooter (level 4, 0/37 HPs)
             Began as a Demigod Hunter on Nov 24, 2022.
             Slain by a hobgoblin
             ... wielding a +0 spear
              (5 damage)
             ... on level 2 of the Dungeon.
             The game lasted 00:02:04 (1348 turns).

purpskrrrp the Shooter (Demigod Hunter)             Turns: 1348, Time: 00:02:05

Health: 0/37       AC:  3    Str: 12    XL:     4   Next: 3%
Magic:  6/6        EV: 12    Int: 11    God:
Gold:   100        SH:  0    Dex: 21    Spells: 3/3 levels left

rFire   . . .      SeeInvis .    a - +0 shortbow
rCold   . . .      Faith    .    (shield currently unavailable)
rNeg    . . .      Spirit   .    c - +0 leather armour
rPois   .          Reflect  .    (no helmet)
rElec   .          Harm     .    (no cloak)
rCorr   .          Rampage  .    (no gloves)
Will    +....                    (no boots)
Stlth   ++........               (no amulet)
HPRegen 0.26/turn                (no ring)
MPRegen 0.10/turn                (no ring)

@: no status effects
A: high MP 1, forlorn, divine attributes, strong-willed 1
a: no special abilities


You were on level 2 of the Dungeon.
You visited 1 branch of the dungeon, and saw 2 of its levels.

You collected 100 gold pieces.

Inventory:

Hand Weapons
 a - a +0 shortbow (weapon)
Armour
 c - a +0 leather armour (worn)
Jewellery
 h - a +6 ring of intelligence
Scrolls
 b - a scroll of immolation
 e - a scroll of noise
 f - a scroll of amnesia {unknown}
 g - a scroll of acquirement {unknown}
Potions
 d - a potion of cancellation
 i - a potion of curing
 k - 2 potions of degeneration {unknown}
 l - a potion of might {unknown}
 m - 4 potions of heal wounds {unknown}


   Skills:
 + Level 2.4 Fighting
 * Level 4.3 Ranged Weapons
 + Level 2.3 Dodging
 + Level 1.9 Stealth


You had 3 spell levels left.
You didn't know any spells.
Your spell library contained the following spells:

 Spells                   Type           Power      Damage    Failure   Level
 Ozocubu's Armour         Ice            0%         N/A       80%         3
 Metabolic Englaciation   Hex/Ice        0%         N/A       100%        5
 Simulacrum               Ice/Necr       0%         N/A       100%        6


Dungeon Overview and Level Annotations

Branches:
Dungeon (2/15)


Innate Abilities, Weirdness & Mutations

You have an increased reservoir of magic. (+10% MP)
You shall have no god before yourself.
Your divine heritage dramatically boosts your attributes as you level up.
You are strong-willed. (Will+)


Message History

Fire: a) +0 shortbow
Press: ? - help, Q - select action Shift-Dir - straight line, f - hobgoblin
Aim: a hobgoblin, wielding a +0 spear (65% to hit)
You shoot an arrow.
The arrow hits the hobgoblin but does no damage.
The hobgoblin hits you from afar with a +0 spear.
* * * LOW HITPOINT WARNING * * *
The hobgoblin barely misses you.
Fire: a) +0 shortbow
Press: ? - help, Q - select action Shift-Dir - straight line, f/p - hobgoblin
Aim: a hobgoblin, wielding a +0 spear (65% to hit)
You shoot an arrow. The arrow barely misses the hobgoblin.
The hobgoblin hits you from afar with a +0 spear.
* * * LOW HITPOINT WARNING * * *
Fire: a) +0 shortbow
Press: ? - help, Q - select action Shift-Dir - straight line, f/p - hobgoblin
Aim: a hobgoblin, wielding a +0 spear (65% to hit)
You shoot an arrow.
The arrow completely misses the hobgoblin.
The hobgoblin misses you.
Fire: a) +0 shortbow
Press: ? - help, Q - select action Shift-Dir - straight line, f/p - hobgoblin
Aim: a hobgoblin, wielding a +0 spear (65% to hit)
You shoot an arrow.
The arrow hits the hobgoblin but does no damage.
The hobgoblin barely misses you.
The hobgoblin hits you from afar with a +0 spear.
* * * LOW HITPOINT WARNING * * *
Fire: a) +0 shortbow
Press: ? - help, Q - select action Shift-Dir - straight line, f/p - hobgoblin
Aim: a hobgoblin, wielding a +0 spear (65% to hit)
You shoot an arrow. The arrow barely misses the hobgoblin.
The hobgoblin hits you from afar with a +0 spear.
* * * LOW HITPOINT WARNING * * *
Fire: a) +0 shortbow
Press: ? - help, Q - select action Shift-Dir - straight line, f/p - hobgoblin
Aim: a hobgoblin, wielding a +0 spear (65% to hit)
You shoot an arrow. The arrow barely misses the hobgoblin.
The hobgoblin hits you from afar with a +0 spear.
You die...

.........###.###################†
......#..........................
......'.##)######################
>.....#.#...'..# ..##.'..#..
......#.#...##.## ..##..##...#
)######.##...#..# ..##....#..##
......#.##...##.## ..##.....##†..
.####.#.###...#.†#g.##.......#..#
.####.#.# #...##@..##........##.#
.#....#.# ##.).#..##......#...#..
.#.####.# #...####......##...##.
........# ##...##......####...#.
##.####.# #...#......## #...##
#.##.#.# ##.)......## ##...#
##.##...# #.......## #...#
...##.#.# ##.....## ##...
...##.#.# #....## #...


You could see a hobgoblin.

Vanquished Creatures
  4 adders (D:2)
  2 dart slugs (D:1)
  6 endoplasms
  A giant cockroach (D:2)
  4 goblins (D:2)
  5 hobgoblins
  4 kobolds
  4 quokkas
  4 ball pythons
  A bat (D:1)
  4 frilled lizards
  2 rats (D:2)
41 creatures vanquished.

Notes
Turn   | Place    | Note
-------+----------+-------------------------------------------
     0 | D:1      | purpskrrrp the Demigod Hunter began the quest for the Orb.
     0 | D:1      | Reached XP level 1. HP: 17/17 MP: 3/3
   101 | D:1      | Reached skill level 1 in Stealth
   208 | D:1      | Reached XP level 2. HP: 18/24 MP: 4/4
   484 | D:1      | Reached skill level 4 in Ranged Weapons
   778 | D:2      | Gained mutation: Your system is resistant to poisons.
                  | (rPois) [potion of mutation]
   778 | D:2      | Lost mutation: Your system is resistant to poisons. (rPois)
                  | [potion of mutation]
   778 | D:2      | Gained mutation: You are strong-willed. (Will+) [potion of
                  | mutation]
   899 | D:2      | Reached XP level 3. HP: 29/29 MP: 5/5
  1241 | D:2      | Reached XP level 4. HP: 31/37 MP: 6/6
  1348 | D:2      | Slain by a hobgoblin

Illustrated notes

Levels and vault maps discovered:
D:1:      elethiomel_arrival_maze, layout_rooms,
          chequers_ecumenical_altar_island, serial_corexii_hall,
          corexii_hall_statues_s, corexii_hall_statues_i, minmay_misc_feat_roman
D:2:      minmay_razor_zed, layout_basic

Skill      XL: |  1  2 |
---------------+-------+-----
Stealth        | 1 |  1.9
Fighting       | 2 |  2.4
Dodging        | 2 |  2.3
Ranged Weapons | 4 |  4.3

Action                   |  1- 3 |  4- 6 || total
-------------------------+-------+-------++-------
 Fire: Shortbow          |   114 |    15 ||   129
  Use: Scroll            |     5 |       ||     5
       Potion            |     1 |       ||     1
Armor: Leather armour    |     9 |     2 ||    11
Dodge: Dodged            |    30 |    14 ||    44

Table legend: (Time is in decaauts)
 A = Elapsed time spent in this place.
 B = Non-inter-level travel time spent in this place.
 C = Inter-level travel time spent in this place.
 D = Time resting spent in this place.
 E = Time spent auto-exploring this place.
 F = Levels seen in this place.
 G = Mean time per level.
                   A        B        C        D        E       F      G
               +--------+--------+--------+--------+--------+-----+--------+
         Total |   1398 |   1312 |     86 |      0 |   1062 |   2 |  699.0 |
       Dungeon |   1398 |   1312 |     86 |      0 |   1062 |   2 |  699.0 |
               +--------+--------+--------+--------+--------+-----+--------+

Top non-repeatable levels by time:
     D:1: 801 daAuts
     D:2: 597 daAuts
